 Dungeon Crawl Stone Soup version 0.22.1-2-g9c5b331 (webtiles) character file.

1989 Lilu the Destroyer (level 9, -3/51 HPs)
             Began as a Deep Elf Wizard on Nov 30, 2018.
             Was an Initiate of Vehumet.
             Slain by a shadow imp (5 damage)
             ... on level 7 of the Dungeon.
             The game lasted 00:33:00 (9614 turns).

Lilu the Destroyer (Deep Elf Wizard)                Turns: 9614, Time: 00:33:01

Health: -3/51      AC:  4    Str:  4    XL:     9   Next: 1%
Magic:  12/22      EV: 14    Int: 27    God:    Vehumet [......]
Gold:   348        SH:  0    Dex: 13    Spells: 11/22 levels left

rFire    . . .     SeeInvis .   q - +1 hand axe (elec)
rCold    . . .     Gourm    .   (no shield)
rNeg     . . .     Faith    .   m - +0 leather armour
rPois    +         Spirit   .   b - +0 hat
rElec    .         Reflect  .   J - scarf {cloud immunity}
rCorr    .         Harm     .   w - +0 pair of gloves
MR       .....                  (no boots)
Stlth    ++........             (no amulet)
HPRegen  0.17/turn              f - ring of poison resistance
MPRegen  0.18/turn              (no ring)

@: very slightly contaminated
A: no striking features
a: Renounce Religion


You were on level 7 of the Dungeon.
You worshipped Vehumet.
Vehumet was noncommittal.
You were very hungry.

You visited 2 branches of the dungeon, and saw 8 of its levels.
You also visited: Ossuary and Bailey.

You collected 348 gold pieces.

Inventory:

Hand Weapons
 a - a +0 hunting sling
 q - a +1 hand axe of electrocution (weapon)
 K - a +4 trident of piercing
 M - a +1 dagger of venom
Missiles
 i - 215 stones (quivered)
 x - 18 sling bullets
 B - 24 arrows
Armour
 b - a +0 hat (worn)
 c - a scarf of spirit shield
 m - a +0 leather armour (worn)
 w - a +0 pair of gloves (worn)
 J - a scarf of cloud immunity (worn)
Magical Staves
 L - an uncursed staff of wizardry
Jewellery
 f - a ring of poison resistance (left hand)
Wands
 y - a wand of iceblast (6)
Scrolls
 g - 4 scrolls of immolation
 h - 7 scrolls of teleportation
 l - 4 scrolls of remove curse
 n - 2 scrolls of random uselessness {unknown}
 p - 2 scrolls of fear {unknown}
 r - 5 scrolls of enchant armour
 s - a scroll of blinking {unknown}
 A - a scroll of acquirement {unknown}
 C - a scroll of identify
 E - a scroll of fog {unknown}
Potions
 e - 2 potions of curing {unknown}
 j - a potion of invisibility
 k - a potion of berserk rage {unknown}
 o - 3 potions of might {unknown}
 t - 2 potions of mutation {unknown}
 u - a potion of cancellation {unknown}
 v - 2 potions of heal wounds
 z - 2 potions of degeneration {unknown}
 D - a potion of flight {unknown}
 F - a potion of resistance {unknown}
 G - 2 potions of brilliance {unknown}
 H - a potion of agility {unknown}
 I - a potion of lignification {unknown}
Comestibles
 d - 10 rations


   Skills:
 + Level 3.6 Fighting
 + Level 6.0 Dodging
 - Level 2.4 Stealth
 + Level 7.4 Spellcasting
 + Level 8.0 Conjurations
 - Level 2.0 Summonings
 + Level 1.9 Translocations
 + Level 2.7 Fire Magic
 + Level 1.2 Air Magic
 - Level 2.1 Poison Magic


You had 11 spell levels left.
You knew the following spells:

 Your Spells              Type           Power        Failure   Level  Hunger
a - Magic Dart            Conj           ####         1%          1    None
b - Call Imp              Summ           ###.....     6%          2    None
c - Mephitic Cloud        Conj/Pois/Air  ####....     6%          3    None
d - Conjure Flame         Conj/Fire      #####...     3%          3    None
e - Blink                 Tloc           N/A          7%          2    None

Your spell library contained the following spells:

 Spells                   Type           Power        Failure   Level  Hunger
 Slow                     Hex            #.......     16%         2    None


Dungeon Overview and Level Annotations

Branches:
Dungeon (7/15)             Temple (1/1) D:6

Altars:
Dithmenos
Elyvilon
Fedhas
Hepliaklqana
Kikubaaqudgha
Makhleb
Nemelex Xobeh
Okawaru
Ru
Sif Muna
Vehumet
Wu Jian
Xom
Zin

Shops:
D:7 :

Annotations:
D:7 exclusion: centaur


Message History

Press: ? - help, Shift-Dir - straight line, f/p - centaur
Aim: a centaur, wielding a shortbow (moderately wounded)
You miscast Mephitic Cloud.
You are very lightly contaminated with residual magic.
Nothing appears to happen.
The centaur shoots an arrow.
The arrow hits you!
* * * LOW HITPOINT WARNING * * *
The shadow imp hits you.
* * * LOW HITPOINT WARNING * * *
The centaur shoots an arrow.
The arrow hits you.
* * * LOW HITPOINT WARNING * * *
Casting: Mephitic Cloud (safe; 6% risk of failure)
Confirm with . or Enter, or press ? or * to list all spells.
Aiming: Mephitic Cloud (safe; 6% risk of failure)
Press: ? - help, Shift-Dir - straight line, f/p - centaur
Aim: a centaur, wielding a shortbow (moderately wounded)
The ball explodes into a vile cloud!
The stinking cloud engulfs the centaur.
The centaur is moderately wounded.
You hear a bark! x2
The shadow imp hits you.
You die...

### . ############.#
..
######...........#.
..%
...........##.#.###
....
.#####..##.##.##.#.
#....
#.........###.#
###...####...#..#..#
#.#
#.....5@....########
### ............#
.#.##.#.##..#
#.#(##### # §c. ..§§
#.... #.#.## .[..


You could see a centaur and a shadow imp.

Vanquished Creatures
  An ice beast (D:7)
  2 phantoms
  A sky beast (D:5)
  2 ogres
  2 centaurs
  A gnoll sergeant (D:6)
  A bullfrog (D:7)
  A scorpion (D:6)
  4 crimson imps
  A bullfrog zombie (D:5)
  An orc priest (D:3)
  2 bullfrog skeletons
  2 iguanas (D:6)
  A worker ant (D:5)
  3 orc wizards
  3 big kobold zombies (Ossuary)
  2 mummies (Ossuary)
  5 adders
  3 gnolls (D:6)
  A howler monkey skeleton (D:5)
  5 adder zombies (Ossuary)
  An adder skeleton (D:6)
  2 worms
  4 dart slugs
  3 leopard geckos
  13 orcs
  7 giant cockroaches
  5 gnoll zombies (Ossuary)
  10 goblins
  7 hobgoblins
  3 jackals
  4 quokkas
  A ball python (D:5)
  4 bats
  4 frilled lizards
  7 hobgoblin zombies (Ossuary)
  A jackal skeleton (D:4)
  6 kobolds
  2 kobold zombies (Ossuary)
  2 orc zombies (Ossuary)
  A quokka skeleton (D:4)
  7 rats
138 creatures vanquished.

Vanquished Creatures (collateral kills)
  Eustachio (D:4)
  Edmund (D:4)
  A water moccasin (D:4)
  A scorpion (D:4)
  A crimson imp (D:7)
  An orc wizard (D:4)
  An orc priest (D:4)
  2 adders (D:2)
  3 gnolls (D:3)
  2 worms (D:3)
  A dart slug (D:3)
  2 leopard geckos
  8 orcs
  A goblin (D:3)
  A hobgoblin (D:3)
  10 jackals
  A quokka (D:3)
  A frilled lizard (D:3)
  2 kobolds
  A rat (D:3)
42 creatures vanquished.

Vanquished Creatures (others)
  A bat (D:1)
1 creature vanquished.

Grand Total: 181 creatures vanquished

Notes
Turn   | Place    | Note
-------+----------+-------------------------------------------
     0 | D:1      | Lilu the Deep Elf Wizard began the quest for the Orb.
     0 | D:1      | Reached XP level 1. HP: 10/10 MP: 7/7
   306 | D:1      | Reached skill level 2 in Conjurations
   373 | D:1      | Reached XP level 2. HP: 15/15 MP: 5/9
   411 | D:1      | Learned a level 2 spell: Call Imp
   963 | D:2      | Reached skill level 3 in Conjurations
  1063 | D:2      | Reached XP level 3. HP: 8/19 MP: 0/10
  1762 | D:2      | Reached skill level 4 in Conjurations
  1881 | D:2      | Reached XP level 4. HP: 13/24 MP: 1/12
  2097 | D:2      | Found a hazy altar of Hepliaklqana.
  2137 | D:2      | Found a sacrificial altar of Ru.
  2137 | D:2      | Found an ornate altar of the Wu Jian Council.
  2409 | D:3      | Learned a level 3 spell: Mephitic Cloud
  2413 | D:3      | Learned a level 3 spell: Conjure Flame
  3024 | D:3      | Reached XP level 5. HP: 20/28 MP: 8/14
  3415 | D:3      | Found an iron altar of Okawaru.
  3520 | D:3      | Reached skill level 1 in Fire Magic
  3969 | D:4      | Reached skill level 1 in Poison Magic
  4080 | D:4      | Reached skill level 1 in Fighting
  4118 | D:4      | Noticed Edmund
  4208 | D:4      | Killed Edmund
  4208 | D:4      | Reached XP level 6. HP: 34/34 MP: 4/15
  4511 | D:4      | Reached skill level 5 in Spellcasting
  4593 | D:4      | Noticed Eustachio
  4594 | D:4      | Noticed a water moccasin
  4637 | D:4      | Killed a water moccasin
  4637 | D:4      | Reached skill level 5 in Conjurations
  4880 | D:4      | Killed Eustachio
  4880 | D:4      | Reached XP level 7. HP: 38/38 MP: 3/17
  5358 | D:5      | Entered Level 5 of the Dungeon
  6034 | D:5      | Reached skill level 6 in Conjurations
  6725 | D:6      | Found a sand-covered staircase.
  6841 | Ossuary  | Entered an ossuary
  7162 | Ossuary  | Reached XP level 8. HP: 45/45 MP: 19/19
  7412 | D:6      | Reached skill level 5 in Dodging
  7511 | D:6      | Reached skill level 7 in Conjurations
  8088 | D:6      | Learned a level 2 spell: Blink
  8835 | D:6      | Found a staircase to the Ecumenical Temple.
  8841 | Temple   | Entered the Ecumenical Temple
  8863 | Temple   | Became a worshipper of Vehumet
  9005 | D:7      | Found a flagged portal.
  9061 | Bailey   | Entered a bailey
  9346 | D:7      | Found Lugywk's Book Shop.
  9390 | D:7      | Reached skill level 1 in Air Magic
  9570 | D:7      | Reached skill level 8 in Conjurations
  9570 | D:7      | Reached XP level 9. HP: 51/51 MP: 18/22
  9613 | D:7      | HP: 2/51 [centaur/arrow (5)]
  9614 | D:7      | Slain by a shadow imp

Skill      XL: |  1  2  3  4  5  6  7  8 |
---------------+-------------------------+-----
Conjurations   | 2 3 4 5 6 8 |  8.0
Dodging        | 3 4 6 |  6.0
Fire Magic     | 1 2 |  2.7
Poison Magic   | 1 2 |  2.1
Fighting       | 1 2 3 |  3.6
Summonings     | 2 |  2.0
Spellcasting   | 5 6 7 |  7.4
Air Magic      | 1 |  1.2
Stealth        | |  2.4
Translocations | |  1.9

Action                   |  1- 3 |  4- 6 |  7- 9 || total
-------------------------+-------+-------+-------++-------
Melee: Hand axe          |    21 |    30 |   192 ||   243
       Trident           |       |       |    39 ||    39
 Cast: Magic Dart        |    56 |    57 |   124 ||   237
       Call Imp          |    14 |    43 |     2 ||    59
       Mephitic Cloud    |       |     3 |     8 ||    11
       Conjure Flame     |       |       |    16 ||    16
       Blink             |       |       |     1 ||     1
  Use: Scroll            |       |     7 |     1 ||     8
 Stab: Sleeping          |       |       |     4 ||     4
  Eat: Chunk             |     2 |    10 |     7 ||    19
       Ration            |       |       |     2 ||     2
Armor: Robe              |     6 |       |       ||     6
       Leather armour    |     3 |    14 |    56 ||    73
Dodge: Dodged            |    33 |    31 |   135 ||   199
